Map: [ESL] Data-C

Players

Nina

  • Race: Protoss Protoss
  • League: Master
  • Spawn Location: 3:00

Astrea - Winner!

  • Race: Protoss Protoss
  • League: Master
  • Spawn Location: 9:00

Event: HomeStory Cup XXII

VOD

Have the link to the VOD?

Description

Time

  • Played on: Dec. 16, 2022, 9:06 a.m.
  • Length: 13:36

All games in this series

Show
View Real Time Build Order
Export as new Build Order

Nina Protoss 

Build Orders: 1 Gate Expand, Blink Stalkers, Dark Templar Rush 

Get SALT Encoding   

  12  0:00  Probe  
  13  0:12  Probe  
  14  0:18  Pylon  
  14  0:25  Probe  
  15  0:37  Gateway  
  15  0:38  Probe (Chrono Boost)  
  16  0:48  Probe (Chrono Boost)  
  16  0:49  Assimilator  
  17  0:53  Probe (Chrono Boost)  
  17  0:56  Assimilator  
  18  1:04  Probe (Chrono Boost)  
  19  1:15  Probe (Chrono Boost)  
  20  1:19  Pylon  
  20  1:20  Probe (Chrono Boost)  
  22  1:37  Nexus  
  21  1:53  Cybernetics Core  
  21  1:55  Probe  
  22  2:03  Pylon  
  22  2:07  Probe  
  23  2:21  Probe  
  24  2:27  Stalker (Chrono Boost)  
  24  2:30  Shield Battery  
  24  2:31  Warp Gate  
  24  2:34  Probe  
  27  2:43  Twilight Council  
  27  2:47  Probe  
  29  2:52  Stalker (Chrono Boost)  
  31  3:05  Pylon  
  31  3:10  Shield Battery  
  30  3:13  Probe  
  30  3:18  Blink (Chrono Boost)  
  31  3:20  Probe  
  32  3:27  Probe  
  32  3:31  Stalker  
  35  3:41  Dark Shrine  
  35  3:43  Probe  
  35  3:46  Probe (Chrono Boost)  
  38  3:55  Gateway  
  38  3:58  Probe (Chrono Boost)  
  38  4:00  Probe (Chrono Boost)  
  39  4:06  Probe (Chrono Boost)  
  39  4:08  Pylon  
  39  4:09  Probe (Chrono Boost)  
  41  4:12  Probe  
  42  4:19  Probe, Stalker  
  45  4:24  Probe  
  46  4:31  Probe  
  46  4:37  Probe  
  48  4:41  Nexus  
  48  4:43  Probe  
  48  4:49  Probe  
  47  4:53  Stalker  
  47  4:55  Probe  
  47  4:56  Stalker  
  44  5:01  Probe (Chrono Boost)  
  42  5:12  Probe (Chrono Boost)  
  42  5:13  Probe (Chrono Boost)  
  44  5:20  Stalker  
  48  5:22  Probe x2 (Chrono Boost)  
  48  5:27  Stalker  
  50  5:30  Probe (Chrono Boost)  
  50  5:32  Probe (Chrono Boost)  
  50  5:35  Probe (Chrono Boost)  
  52  5:36  Pylon  
  52  5:40  Probe  
  54  5:44  Robotics Facility  
  54  5:53  Probe (Chrono Boost), Stalker  
  54  5:54  Stalker  
  54  5:55  Probe (Chrono Boost)  
  61  5:57  Probe (Chrono Boost)  
  62  6:05  Probe (Chrono Boost)  
  62  6:08  Probe (Chrono Boost), Pylon  
  62  6:10  Probe (Chrono Boost)  
  62  6:11  Gateway  
  64  6:12  Probe (Chrono Boost)  
  64  6:13  Probe (Chrono Boost)  
  64  6:16  Dark Templar  
  64  6:17  Probe  
  69  6:19  Stalker  
  69  6:21  Probe  
  69  6:25  Probe  
  73  6:27  Shield Battery  
  73  6:31  Probe  
  74  6:33  Immortal (Chrono Boost)  
  74  6:36  Probe  
  79  6:46  Probe  
  77  6:51  Probe  
  73  6:55  Pylon  
  73  6:57  Pylon  
  73  7:02  Stalker x2  
  77  7:13  Probe x2 (Chrono Boost), Pylon x2  
  78  7:16  Gateway  
  78  7:17  Probe (Chrono Boost)  
  78  7:20  Observer  
  79  7:25  Sentry, Probe x2 (Chrono Boost)  
  79  7:26  Stalker  
  79  7:29  Stalker  
  88  7:30  Probe (Chrono Boost)  
  88  7:31  Probe x2 (Chrono Boost)  
  88  7:34  Assimilator  
  90  7:38  Forge  
  90  7:41  Probe (Chrono Boost)  
  90  7:42  Probe (Chrono Boost)  
  90  7:43  Probe (Chrono Boost)  
  93  7:44  Shield Battery  
  93  7:45  Probe (Chrono Boost)  
  93  7:46  Immortal (Chrono Boost)  
  93  7:51  Probe  
  96  7:52  Probe  
  96  7:55  Stalker  
  96  7:57  Probe  
  99  7:59  Assimilator  
  99  8:00  Stalker  
  99  8:03  Probe  
  102  8:05  Stalker  
  102  8:06  Probe  
  102  8:09  Probe, Pylon  
  102  8:11  Pylon  
  106  8:14  Protoss Ground Weapons Level 1 (Chrono Boost)  
  106  8:15  Probe  
  106  8:18  Probe  
  108  8:20  Photon Cannon  
  108  8:25  Probe  
  107  8:27  Probe  
  107  8:28  Assimilator  
  107  8:29  Immortal (Chrono Boost)  
  107  8:31  Pylon  
  112  8:35  Probe  
  113  8:43  Photon Cannon  
  113  8:46  Stalker x2  
  113  8:47  Stalker  
  119  8:51  Probe  
  119  8:53  Assimilator  
  120  8:59  Robotics Bay  
  120  9:02  Observer (Chrono Boost), Pylon  
  121  9:07  Nexus  
  121  9:11  Stalker x2  
  121  9:15  Photon Cannon, Probe  
  126  9:17  Probe x2  
  126  9:22  Robotics Facility  
  128  9:25  Pylon  
  128  9:27  Probe  
  128  9:29  Probe  
  130  9:31  Stalker x2  
  130  9:34  Gateway  
  130  9:37  Stalker  
  136  9:38  Stalker  
  136  9:45  Disruptor (Chrono Boost), Observer, Photon Cannon  
  137  9:52  Photon Cannon  
  140  9:57  Dark Templar x2  
  144  10:03  Pylon x2  
  144  10:11  Disruptor (Chrono Boost)  
  147  10:15  Nexus  
  147  10:17  Photon Cannon  
  147  10:18  Shield Battery  
  147  10:20  Photon Cannon  
  150  10:22  Photon Cannon  
  150  10:28  Disruptor (Chrono Boost)  
  150  10:31  Photon Cannon, Pylon  
  150  10:32  Disruptor (Chrono Boost)  
  150  10:34  Archon  
  153  10:37  Probe  
  153  10:39  Photon Cannon  
  153  10:42  Pylon  
  146  10:55  Stalker x3  
  146  10:56  Disruptor  
  152  11:00  Disruptor  
  147  11:12  Dark Templar x2  
  151  11:29  Stalker x3  
  151  11:30  Probe x3  
  146  11:39  Disruptor  
  146  11:42  Gateway, Probe x3  
  146  11:43  Gateway  
  146  11:45  Probe  
  153  11:48  Assimilator  
  153  11:50  Assimilator  
  153  11:52  Dark Templar x2  
  157  11:54  Probe x2  
  157  11:55  Probe  
  157  11:57  Probe  
  157  11:59  Photon Cannon  
  161  12:04  Photon Cannon  
  161  12:06  Probe, Stalker x3  
  161  12:07  Probe x2  
  170  12:09  Probe  
  163  12:24  Sentry x2  
  146  12:34  Dark Templar  
  146  12:35  Dark Templar  
  137  12:43  Probe  
  137  12:44  Probe  
  130  12:45  Probe  
  130  12:47  Photon Cannon  
  130  12:49  Stalker x5  
  130  12:50  Photon Cannon  
  130  12:51  Photon Cannon, Assimilator, Probe  
  141  12:55  Probe  
  143  13:08  Probe  
  143  13:11  Probe  
  148  13:14  Photon Cannon  
  148  13:15  Photon Cannon  
Show
View Real Time Build Order
Export as new Build Order

Astrea Protoss - Winner!

Build Orders: 1 Gate Expand, Oracle Opening 

Get SALT Encoding   

  12  0:00  Probe  
  13  0:12  Probe  
  14  0:17  Pylon  
  14  0:24  Probe (Chrono Boost)  
  15  0:36  Probe (Chrono Boost)  
  15  0:38  Gateway  
  16  0:44  Probe (Chrono Boost)  
  16  0:46  Assimilator  
  17  0:50  Probe  
  18  1:03  Probe  
  20  1:21  Nexus  
  20  1:24  Probe  
  20  1:32  Cybernetics Core  
  20  1:36  Probe  
  21  1:44  Assimilator  
  21  1:48  Probe  
  21  1:52  Pylon  
  21  2:00  Probe (Chrono Boost)  
  22  2:07  Adept (Chrono Boost)  
  22  2:10  Probe (Chrono Boost)  
  22  2:15  Probe (Chrono Boost)  
  25  2:22  Stargate  
  26  2:26  Probe  
  26  2:28  Adept (Chrono Boost)  
  27  2:33  Probe  
  27  2:36  Warp Gate  
  30  2:38  Probe  
  31  2:45  Probe  
  31  2:50  Stalker  
  31  2:51  Probe  
  33  2:58  Probe  
  36  3:03  Probe  
  37  3:10  Probe  
  37  3:11  Oracle (Chrono Boost)  
  37  3:12  Assimilator  
  41  3:15  Probe  
  42  3:22  Probe  
  41  3:27  Probe  
  41  3:32  Twilight Council  
  43  3:34  Probe  
  43  3:37  Pylon  
  43  3:39  Probe  
  44  3:46  Probe, Gateway  
  45  3:48  Gateway  
  45  3:51  Probe  
  45  3:53  Oracle (Chrono Boost)  
  46  4:01  Probe  
  50  4:03  Probe  
  50  4:04  Blink (Chrono Boost)  
  51  4:13  Probe  
  51  4:15  Gateway, Probe  
  53  4:20  Pylon  
  53  4:25  Probe  
  54  4:34  Pylon  
  54  4:39  Probe  
  54  4:41  Stalker  
  57  5:03  Nexus  
  57  5:05  Shield Battery  
  57  5:06  Pylon  
  57  5:09  Stalker x2  
  57  5:10  Stalker x2  
  63  5:16  Probe x2  
  63  5:18  Pylon  
  65  5:24  Pylon  
  65  5:28  Probe x2  
  67  5:35  Stalker x4  
  67  5:40  Probe x2  
  77  5:52  Probe  
  77  5:53  Probe  
  79  6:04  Probe, Stalker x4  
  87  6:06  Probe  
  87  6:08  Forge  
  89  6:11  Charge  
  89  6:13  Pylon  
  89  6:15  Probe  
  89  6:16  Probe  
  91  6:22  Probe  
  92  6:27  Probe  
  92  6:28  Stalker x2  
  92  6:30  Stalker  
  92  6:32  Pylon  
  99  6:33  Stalker  
  99  6:35  Probe x2  
  103  6:47  Probe  
  103  6:49  Probe  
  103  6:52  Probe  
  103  6:53  Stalker x3  
  112  6:59  Assimilator  
  112  7:02  Stalker  
  112  7:03  Probe  
  112  7:07  Protoss Ground Weapons Level 1 (Chrono Boost)  
  112  7:10  Probe  
  112  7:14  Photon Cannon  
  112  7:19  Robotics Facility  
  112  7:20  Nexus  
  112  7:32  Photon Cannon  
  112  7:33  Probe x3  
  112  7:35  Dark Shrine  
  112  7:36  Assimilator  
  115  7:40  Gateway  
  115  7:42  Gateway  
  115  7:44  Robotics Facility  
  115  7:45  Gateway  
  115  7:46  Probe  
  115  7:47  Gateway  
  116  7:56  Probe  
  116  7:57  Probe  
  119  7:58  Probe  
  119  8:01  Photon Cannon  
  119  8:02  Shield Battery  
  119  8:05  Pylon  
  119  8:08  Probe  
  119  8:09  Gateway x2  
  119  8:10  Observer (Chrono Boost)  
  119  8:12  Probe  
  122  8:13  Pylon  
  122  8:14  Probe  
  123  8:20  Probe  
  123  8:25  Probe  
  125  8:29  Probe  
  125  8:31  Observer (Chrono Boost)  
  125  8:32  Probe  
  125  8:33  Probe  
  129  8:34  Zealot  
  129  8:35  Zealot x3  
  129  8:37  Probe  
  129  8:41  Robotics Bay, Photon Cannon  
  138  8:43  Probe  
  138  8:45  Assimilator x2  
  139  8:56  Dark Templar x6  
  139  9:00  Zealot  
  153  9:04  Pylon  
  153  9:05  Pylon  
  153  9:06  Photon Cannon, Pylon  
  153  9:07  Pylon  
  153  9:09  Protoss Ground Weapons Level 2 (Chrono Boost)  
  153  9:14  Pylon  
  153  9:15  Probe x2  
  155  9:18  Nexus  
  155  9:23  Gravitic Boosters  
  155  9:28  Disruptor x2 (Chrono Boost)  
  151  9:31  Shadow Stride (Chrono Boost)  
  157  9:39  Zealot x3  
  157  9:40  Zealot x3  
  169  9:49  Photon Cannon  
  169  9:50  Shield Battery  
  167  9:57  Disruptor  
  170  10:00  Disruptor  
  173  10:08  Probe  
  173  10:09  Probe x3, Gateway  
  173  10:10  Gateway  
  173  10:12  Photon Cannon  
  173  10:14  Observer  
  177  10:16  Pylon  
  177  10:26  Zealot x9  
  190  10:31  Disruptor (Chrono Boost)  
  196  10:45  Probe x3  
  196  10:46  Probe  
  196  10:48  Disruptor (Chrono Boost)  
  200  10:58  Nexus  
  179  11:14  Disruptor  
  179  11:16  Disruptor  
  175  11:24  Observer  
  160  11:34  Dark Templar x3  
  160  11:35  Zealot x2, Dark Templar x7  
  160  11:39  Pylon  
  184  11:42  Assimilator  
  184  11:43  Pylon  
  184  11:50  Disruptor  
  184  11:51  Probe x5  
  192  11:57  Gateway  
  192  11:58  Gateway  
  192  11:59  Gateway  
  192  12:00  Photon Cannon  
  192  12:01  Photon Cannon  
  192  12:03  Probe  
  192  12:10  Zealot x4  
  179  12:34  Zealot x12  
  179  12:36  Disruptor (Chrono Boost)  
  186  12:46  Disruptor (Chrono Boost)  
  186  12:47  Robotics Facility  
  186  12:52  Zealot  
  186  12:55  Observer, Zealot, Dark Templar x5, Photon Cannon  
  186  12:56  Photon Cannon  
  186  12:58  Pylon  
  196  13:11  Zealot x2  
  198  13:31  Zealot x8  
Tags
 
Add a new tag
Caveats
  • Supply blocks, unpowered buildings, or Contaminate may cause inaccurate times.
  • Supply counts are checked every 10 seconds.